 Dungeon Crawl Stone Soup version 0.32-a0-131-g9dbbe29261 (webtiles) character file.

Game seed: 7154187487959985836

1705 Dittersdorf the Covered (level 9, -1/56 HPs)
             Began as a Gargoyle Fighter on Feb 8, 2024.
             Was an Initiate of Gozag.
             Slain by an orc warrior
             ... wielding a +0 long sword
              (14 damage)
             ... on level 7 of the Dungeon.
             The game lasted 00:07:06 (5726 turns).

Dittersdorf the Covered (Gargoyle Fighter)          Turns: 5726, Time: 00:07:06

Health: -1/56      AC: 26    Str: 24    XL:     9   Next: 3%
Magic:  9/9        EV:  8    Int:  9    God:    Gozag
Gold:   257        SH:  5    Dex:  9    Spells: 8/8 levels left

rFire   . . .        e - +0 morningstar
rCold   . . .        c - +0 buckler
rNeg    + . .        s - +0 chain mail
rPois   ∞            d - +1 helmet
rElec   +            (no cloak)
rCorr   .            r - +0 pair of gloves
SInv    .            m - +1 pair of boots
Will    .....        (no amulet) Stlth
                     g - +4 ring of protection
HPRegen 0.29/turn    (no ring)
MPRegen 0.11/turn

%: no passive effects
@: gold aura
A: sickness immunity, AC +6, negative energy resistance 1, electricity
resistance, torment resistance 1, petrification resistance
a: Renounce Religion, Potion Petition, Call Merchant, Bribe Branch


You were on level 7 of the Dungeon.
You worshipped Gozag.
Gozag was aware of your devotion.
You visited 2 branches of the dungeon, and saw 8 of its levels.
You also visited: Sewer.

You collected 298 gold pieces.
You paid 41 gold pieces to Gozag.

Inventory:

Hand Weapons
 e - a +0 morningstar (weapon)
Armour
 c - a +0 buckler (worn)
 d - a +1 helmet (worn)
 m - a +1 pair of boots (worn)
 r - a +0 pair of gloves (worn)
 s - a +0 chain mail (worn)
Jewellery
 g - a +4 ring of protection (left hand)
Scrolls
 b - a scroll of identify
 k - 2 scrolls of fear
Potions
 a - a potion of ambrosia
 f - 3 potions of haste
 h - a potion of might
 j - 4 potions of magic
 l - a potion of heal wounds
 t - 2 potions of enlightenment


   Skills:
 + Level 6.9 Fighting
 + Level 5.9 Maces & Flails
 + Level 7.0 Armour
 + Level 6.9 Shields


You had 8 spell levels left.
You didn't know any spells.
Your spell library contained the following spells:

 Spells                   Type           Power      Damage    Failure   Level
 Magic Dart               Conj           0%         1d3       93%         1
 Searing Ray              Conj           0%         2d4       98%         2
 Fulminant Prism          Conj/Alch      0%         3d5       100%        4


Dungeon Overview and Level Annotations

Branches:
Dungeon (7/15)             Temple (1/1) D:5           Sewer (visited)

Altars:
Ashenzari
Cheibriados
Dithmenos
Elyvilon
Fedhas
Gozag
Hepliaklqana
Kikubaaqudgha
Makhleb
Qazlal
Ru
Sif Muna
Trog
Wu Jian
Yredelemnul
The Shining One

Shops:
D:2 =


Innate Abilities, Weirdness & Mutations

You are immune to sickness and miasma.
Your stone body is resilient. (AC +6)
You are immune to poison.
You resist negative energy. (rN+)
You are resistant to electric shocks. (rElec)
You are resistant to unholy torment.
You are immune to petrification.


Message History

You resist.
You are too injured to fight recklessly!
You are too injured to fight recklessly!
You are too injured to fight recklessly!
You are too injured to fight recklessly!
You closely miss the orc priest.
The orc priest is almost dead.
The orc warrior hits you but does no damage.
You hear some strange, mumbled words.
Something tries to affect you, but you resist.
The orc priest miscasts a cantrip.
The orc hits you but does no damage.
A sky beast appears from thin air!
Reactivating autopickup.
You block the sky beast's attack.
You hit the orc priest but do no damage.
The orc priest is almost dead.
The orc hits you with a +0 whip.
The sky beast hits you but does no damage.
You hear some strange, mumbled words.
Deactivating autopickup; reactivate with Ctrl-A.
Something tries to affect you, but you resist.
The orc warrior hits you with a +0 long sword.
* * * LOW HITPOINT WARNING * * *
The orc priest hits you but does no damage.
Something hits you but does no damage.
The sky beast hits you but does no damage.
The orc priest hits you but does no damage.
The orc warrior hits you but does no damage.
The orc closely misses you.
You bludgeon the orc priest!!
You kill the orc priest!
Something hits you but does no damage.
The orc warrior hits you but does no damage.
The orc hits you with a +0 whip.
* * * LOW HITPOINT WARNING * * *
The sky beast hits you but does no damage.
The orc warrior attacks as it pursues you!
The orc warrior hits you with a +0 long sword!
You die...
Your body crumbles into a pile of gold.

#.......# .. .♣
#.......# ..♣ ♣♣.♣
#.......# ... ...
#.......#####.# ..# #
............#.##..##.##
............#.".§......
........))..#.Y$§....>.
........<)..#oo{§......
........)...#..@.......
............#........).
#####.......'.....<....
#.......#..........
#.......########+##
+........ #.........
#.......... #.........


You could see an orc warrior, a sky beast and an orc.

Vanquished Creatures
  Sigmund (D:4)
  A water moccasin (D:6)
  An ice beast (D:5)
  A sky beast (D:6)
  2 ogres
  A centaur (D:6)
  2 phantoms
  2 kobold brigands
  A scorpion (D:6)
  An electric eel (D:6)
  3 bombardier beetles
  An orc priest (D:7)
  2 jellies
  3 hounds
  A sleepcap (D:6)
  2 iguanas (D:6)
  10 adders
  4 gnolls (D:4)
  A river rat (Sewer)
  A shadow imp (D:6)
  2 dart slugs
  4 ribbon worms
  6 orcs (D:3)
  8 endoplasms
  2 giant cockroaches
  12 goblins
  12 hobgoblins
  4 jackals (D:1)
  4 quokkas
  9 ball pythons
  3 bats
  5 frilled lizards
  14 kobolds
  10 rats
136 creatures vanquished.

Notes
Turn   | Place    | Note
-------+----------+-------------------------------------------
     0 | D:1      | Dittersdorf the Gargoyle Fighter began the quest for the
                  | Orb.
     0 | D:1      | Reached XP level 1. HP: 14/14 MP: 1/1
   107 | D:1      | Reached XP level 2. HP: 13/19 MP: 2/2
   371 | D:1      | Reached XP level 3. HP: 20/23 MP: 3/3
   808 | D:2      | Reached XP level 4. HP: 19/29 MP: 4/4
   924 | D:2      | Reached skill level 4 in Armour
  1104 | D:2      | Found Tearediw's Jewellery Emporium.
  1582 | D:3      | Reached XP level 5. HP: 7/33 MP: 5/5
  2243 | D:4      | Found a glowing drain.
  2248 | Sewer    | Entered a sewer
  2529 | Sewer    | Reached XP level 6. HP: 36/39 MP: 6/6
  2901 | D:4      | Noticed Sigmund
  2911 | D:4      | Killed Sigmund
  2912 | D:4      | Reached skill level 5 in Fighting
  2912 | D:4      | Reached skill level 5 in Armour
  2912 | D:4      | Reached skill level 5 in Shields
  2912 | D:4      | Reached XP level 7. HP: 28/44 MP: 7/7
  3869 | D:5      | Entered Level 5 of the Dungeon
  3870 | D:5      | Found a broken altar of Ashenzari.
  4331 | D:5      | Reached XP level 8. HP: 51/51 MP: 8/8
  4443 | D:5      | Reached skill level 6 in Armour
  4513 | D:5      | Found a staircase to the Ecumenical Temple.
  4629 | Temple   | Entered the Ecumenical Temple
  4639 | Temple   | Became a worshipper of Gozag Ym Sagoz the Greedy
  4755 | D:6      | Identified the +6 spear of Innocence {vamp, rCorr}
  4784 | D:6      | Reached skill level 5 in Maces & Flails
  5499 | D:6      | Found an ancient bone altar of Kikubaaqudgha.
  5665 | D:7      | Reached XP level 9. HP: 48/56 MP: 9/9
  5668 | D:7      | Reached skill level 7 in Armour
  5726 | D:7      | Slain by an orc warrior

Illustrated notes

Levels and vault maps discovered:
D:1:      lightli_arrival_statue_moat, layout_loops_cross
D:2:      layout_rooms, serial_shops, nicolae_shop_advertising_works
          [nicolae_subvault_shop_adworks]
D:3:      layout_loops_cross
D:4:      layout_basic, mainiacjoe_sewer_entry_somewhere_in_here_2, uniq_sigmund
D:5:      layout_basic, mainiacjoe_overflow_small_starburst,
          minmay_temple_entry_poolview
D:6:      wad_crossroads, layout_basic, lemuel_round_altar,
          nicolae_lava_and_water
D:7:      black_bear_nest_1, layout_gridville, nemelex_dance_club_becter,
          mainiacjoe_overflow_large_starburst,
          minmay_a_box_with_orc_wizards_in_it
Temple:   eino_temple_water

Skill      XL: |  1  2  3  4  5  6  7  8  9 |
---------------+----------------------------+-----
Armour         | 4 5 6 7 |  7.0
Shields        | 4 5 6 |  6.9
Fighting       | 4 5 6 |  6.9
Maces & Flails | 3 4 5 |  5.9

Action                     |  1- 3 |  4- 6 |  7- 9 || total
---------------------------+-------+-------+-------++-------
  Melee: Flail             |   129 |   238 |   176 ||   543
         Morningstar       |       |       |    64 ||    64
    Use: Scroll            |       |     8 |     6 ||    14
         Potion            |       |     1 |     5 ||     6
 Armour: Scale mail        |   107 |    82 |       ||   189
         Chain mail        |       |    78 |   265 ||   343
  Dodge: Dodged            |    73 |    90 |   116 ||   279
  Block: Buckler           |    33 |    39 |    53 ||   125

Table legend: (Time is in decaauts)
 A = Elapsed time spent in this place.
 B = Non-inter-level travel time spent in this place.
 C = Inter-level travel time spent in this place.
 D = Time resting spent in this place.
 E = Time spent auto-exploring this place.
 F = Levels seen in this place.
 G = Mean time per level.
                   A        B        C        D        E       F      G
               +--------+--------+--------+--------+--------+-----+--------+
         Total |   5957 |   5705 |    252 |    602 |   3679 |   9 |  661.9 |
       Dungeon |   5266 |   5033 |    233 |    397 |   3396 |   7 |  752.3 |
        Temple |     20 |      2 |     18 |      0 |      0 |   1 |   20.0 |
         Sewer |    669 |    669 |      0 |    205 |    282 |   1 |  669.0 |
               +--------+--------+--------+--------+--------+-----+--------+

Top non-repeatable levels by time:
     D:4: 1229 daAuts
     D:6: 900 daAuts
     D:5: 875 daAuts
     D:3: 803 daAuts
     D:1: 787 daAuts
   Sewer: 669 daAuts
     D:2: 582 daAuts
     D:7: 88 daAuts
  Temple: 20 daAuts
